 Dungeon Crawl Stone Soup version 0.29.1-12-g30fa7ad0bf (webtiles) character file.

Game seed: 13333245245455636368

583 diecastcamel the Thaumaturge (level 7, -4/76 HPs)
             Began as a Gnoll Wanderer on Dec 15, 2022.
             Was an Initiate of Vehumet.
             Killed by divine providence
             ... invoked by an orc priest
              (11 damage)
             ... on level 6 of the Dungeon on Jan 5, 2023.
             The game lasted 01:00:19 (6254 turns).

diecastcamel the Thaumaturge (Gnoll Wanderer)       Turns: 6254, Time: 01:00:21

Health: -4/76      AC:  7    Str: 16    XL:     7   Next: 37%
Magic:  18/22      EV: 11    Int: 15    God:    Vehumet [......]
Gold:   313        SH:  0    Dex: 11    Spells: 24/29 levels left

rFire   . . .      SeeInvis .   g - +1 whip (freeze)
rCold   . . .      Faith    .   (no shield)
rNeg    . . .      Spirit   .   A - +0 ring mail
rPois   .          Reflect  .   o - +0 helmet
rElec   .          Harm     .   q - +0 cloak
rCorr   .          Rampage  .   (no gloves)
Will    .....                   (no boots)
Stlth   ..........              (no amulet)
HPRegen 0.22/turn               k - +6 ring of strength
MPRegen 0.18/turn               (no ring)

@: berserking, lethally poisoned (-4 -> -6), very quick
A: fangs 1, strong nose, distributed training
a: Renounce Religion


You were on level 6 of the Dungeon.
You worshipped Vehumet.
Vehumet was noncommittal.
You visited 2 branches of the dungeon, and saw 7 of its levels.

You collected 313 gold pieces.

Inventory:

Hand Weapons
 g - a +1 whip of freezing (weapon)
 w - a +1 mace of protection
 y - a +0 vampiric short sword
Missiles
 x - 7 boomerangs
Armour
 o - a +0 helmet (worn)
 q - a +0 cloak (worn)
 u - a +0 scale mail of cold resistance
 A - a +0 ring mail (worn)
Jewellery
 k - a +6 ring of strength (left hand)
Wands
 s - a wand of flame (12)
Scrolls
 a - 4 scrolls of enchant weapon
 c - a scroll of amnesia {unknown}
 n - a scroll of butterflies
 p - a scroll of identify {unknown}
 t - a scroll of brand weapon {unknown}
 v - a scroll of immolation {unknown}
Potions
 b - 3 potions of attraction
 f - a potion of degeneration {unknown}
 h - a potion of cancellation {unknown}
 j - a potion of brilliance {unknown}
 l - a potion of berserk rage
 m - a potion of invisibility {unknown}
 z - a potion of mutation {unknown}
Miscellaneous
 d - a piece from Xom's chessboard (9/15)


   Skills:
 + Level 2.5 Fighting
 + Level 2.5 Short Blades
 + Level 2.5 Long Blades
 + Level 2.5 Axes
 + Level 2.5 Maces & Flails
 + Level 2.5 Polearms
 + Level 2.5 Staves
 + Level 2.5 Ranged Weapons
 + Level 2.5 Throwing
 + Level 2.5 Armour
 + Level 2.5 Dodging
 + Level 2.5 Stealth
 + Level 2.5 Shields
 + Level 2.5 Unarmed Combat
 + Level 11.6 Spellcasting
 + Level 2.0 Conjurations
 + Level 3.0 Hexes
 + Level 2.0 Summonings
 + Level 2.0 Necromancy
 + Level 2.0 Translocations
 + Level 2.0 Transmutations
 + Level 2.0 Fire Magic
 + Level 2.0 Ice Magic
 + Level 2.0 Air Magic
 + Level 2.0 Earth Magic
 + Level 2.0 Poison Magic
 + Level 3.9 Invocations
 + Level 5.2 Evocations


You had 24 spell levels left.
You knew the following spells:

 Your Spells              Type           Power      Damage    Failure   Level
a - Shock                 Conj/Air       56%        1d6       7%          1
b - Sandblast             Erth           28%        2d8       7%          1
c - Portal Projectile     Hex/Tloc       32%        N/A       16%         3

Your spell library contained the following spells:

 Spells                   Type           Power      Damage    Failure   Level
 Slow                     Hex            68%        N/A       4%          1
 Static Discharge         Conj/Air       14%        3-5/arc   10%         2
 Ignite Poison            Fire/Tmut/Pois 14%        N/A       21%         3
 Swiftness                Air            14%        N/A       21%         3
 Airstrike                Air            7%         2d(1-17)  54%         4


Dungeon Overview and Level Annotations

Branches:
Dungeon (6/15)             Temple (1/1) D:5

Altars:
Ashenzari
Cheibriados
Elyvilon
Fedhas
Hepliaklqana
Kikubaaqudgha
Makhleb
Nemelex Xobeh
Okawaru
Qazlal
Ru
Sif Muna
Trog
Uskayaw
Vehumet
Wu Jian
Xom
Yredelemnul
Zin
The Shining One

Shops:
D:3 =

Annotations:
D:5 Grinder
Temple 2 transporters


Innate Abilities, Weirdness & Mutations

You have very sharp teeth.
Your uncanny sense of smell can sniff out nearby items.
Your experience applies equally to all skills.


Message History

You feel sick.
The orc priest hits you but does no damage.
The orc priest hits you with a +0 flail.
You barely miss the orc priest. Your bite misses the orc priest.
The orc priest is severely wounded.
You feel sick.
The orc priest hits you but does no damage.
The orc priest calls upon Beogh to heal the orc priest.
The orc priest is healed somewhat.
You completely miss the orc priest.
The orc priest is moderately wounded.
You feel sick. The orc priest barely misses you. x2
Your magical contamination has completely faded away.
You barely miss the orc priest.
The orc priest is moderately wounded.
You feel sick.
The orc priest mumbles some strange prayers to Beogh against you.
Pain shoots through your body!
* * * LOW HITPOINT WARNING * * *
The orc priest hits you with a +0 hand axe.
* * * LOW HITPOINT WARNING * * *
You make a move on Xom's chessboard...
The orc priest twists and deforms.
You feel sick.
The orc priest hits you with a +0 flail.
* * * LOW HITPOINT WARNING * * *
The orc priest casts a cantrip, but nothing happens.
Unknown command.
It was a potion of berserk rage.
A red film seems to cover your vision as you go berserk!
You feel yourself moving faster!
You feel mighty!
You feel sick.
The orc priest hits you but does no damage.
The orc priest calls upon Beogh to heal the orc priest.
The orc priest's wounds heal themselves!
You whack the orc priest! You freeze the orc priest.
You kill the orc priest!
Vehumet accepts your kill.
You feel sick.
The orc priest calls down the wrath of Beogh upon you.
Beogh smites you!
You die...

..# ... ∆ ... ...
..# ... #.## ...
####..#
#.....#.##.#
#........o.. ...
####..#....... ...
##@)#.###.#o...
...
#.o)#o##....o..
...
###...#.#...... .
..
#...†...#..#.....
# #......##..#
....
###.........##>#..
#............##
#..........#..#
##.........#..#


You could see an orc priest (misshapen).

Vanquished Creatures
  A necrophage (D:4)
  2 jellies
  6 hounds
  3 orc priests
  An iguana (D:6)
  2 orc wizards
  2 adders
  A white imp (D:5)
  2 worms
  A dart slug (D:3)
  19 orcs
  7 ball pythons
  6 bats
  7 endoplasms
  A giant cockroach (D:1)
  3 goblins
  5 hobgoblins
  13 jackals
  3 quokkas (D:3)
  3 frilled lizards (D:1)
  10 kobolds
  6 rats
104 creatures vanquished.

Notes
Turn   | Place    | Note
-------+----------+-------------------------------------------
     0 | D:1      | Reached skill level 11 in Spellcasting
     0 | D:1      | diecastcamel the Gnoll Wanderer began the quest for the
                  | Orb.
     0 | D:1      | diecastcamel set off with the following items: a +0 dagger,
                  | a potion of attraction, a +0 robe, a piece from Xom's
                  | chessboard (15/15); and the following spells available to
                  | memorise: Slow, Sandblast, Shock, Static Discharge, Portal
                  | Projectile, Ignite Poison.
     0 | D:1      | Reached XP level 1. HP: 13/13 MP: 12/12
     2 | D:1      | Learned a level 1 spell: Shock
   342 | D:1      | Reached XP level 2. HP: 11/19 MP: 9/14
   485 | D:1      | Found a faded altar of an unknown god.
  1246 | D:1      | Learned a level 1 spell: Sandblast
  1432 | D:2      | Reached XP level 3. HP: 25/25 MP: 13/15
  1490 | D:2      | Found a broken altar of Ashenzari.
  2243 | D:3      | Reached skill level 1 in Fighting
  2243 | D:3      | Reached skill level 1 in Short Blades
  2243 | D:3      | Reached skill level 1 in Long Blades
  2243 | D:3      | Reached skill level 1 in Axes
  2243 | D:3      | Reached skill level 1 in Maces & Flails
  2243 | D:3      | Reached skill level 1 in Polearms
  2243 | D:3      | Reached skill level 1 in Staves
  2243 | D:3      | Reached skill level 1 in Ranged Weapons
  2243 | D:3      | Reached skill level 1 in Throwing
  2243 | D:3      | Reached skill level 1 in Armour
  2243 | D:3      | Reached skill level 1 in Dodging
  2243 | D:3      | Reached skill level 1 in Stealth
  2243 | D:3      | Reached skill level 1 in Shields
  2243 | D:3      | Reached skill level 1 in Unarmed Combat
  2392 | D:3      | Found an iron altar of Okawaru.
  2392 | D:3      | You fall into a shaft and drop 2 floors!
  2392 | D:5      | Entered Level 5 of the Dungeon
  2399 | D:5      | Noticed an ogre
  2417 | D:5      | Noticed a water moccasin
  2704 | D:4      | Noticed a necrophage
  2705 | D:4      | Reached skill level 1 in Conjurations
  2705 | D:4      | Reached skill level 1 in Summonings
  2705 | D:4      | Reached skill level 1 in Necromancy
  2705 | D:4      | Reached skill level 1 in Translocations
  2705 | D:4      | Reached skill level 1 in Transmutations
  2705 | D:4      | Reached skill level 1 in Fire Magic
  2705 | D:4      | Reached skill level 1 in Ice Magic
  2705 | D:4      | Reached skill level 1 in Air Magic
  2705 | D:4      | Reached skill level 1 in Earth Magic
  2705 | D:4      | Reached skill level 1 in Poison Magic
  2705 | D:4      | Reached XP level 4. HP: 30/32 MP: 14/17
  2710 | D:5      | Reached XP level 5. HP: 35/37 MP: 13/18
  3081 | D:4      | Reached XP level 6. HP: 14/42 MP: 20/20
  3371 | D:3      | Found Obaism's Jewellery Boutique.
  3713 | D:3      | Reached skill level 5 in Evocations
  5522 | D:5      | Found a staircase to the Ecumenical Temple.
  5533 | Temple   | Entered the Ecumenical Temple
  5533 | Temple   | Found a transporter.
  5533 | Temple   | Found a transporter.
  5535 | Temple   | Found a transporter.
  5535 | Temple   | Found a transporter.
  5571 | Temple   | Became a worshipper of Vehumet
  5809 | D:5      | Reached XP level 7. HP: 48/51 MP: 19/22
  6118 | D:6      | Learned a level 3 spell: Portal Projectile
  6180 | D:6      | Noticed Grinder
  6212 | D:5      | Paralysed by something for 2 turns
  6254 | D:6      | Killed from afar by an orc priest

Illustrated notes

Levels and vault maps discovered:
D:1:      wander_arrival_desolate, layout_loops_corners,
          ebering_ecumenical_altar_abandoned, minmay_pentomino_p4
D:2:      layout_basic, basic_altar
D:3:      layout_loops_ring, mainiacjoe_overflow_catwalk, serial_shops, shop,
          kennysheep_boxes
D:4:      layout_basic, minmay_unequal
D:5:      layout_loops_cross, temple_statues, portal_sewer_entry_e,
          enter_ossuary_1
D:6:      layout_cave_pools, guppyfry_early_elven_hall, uniq_duvessa,
          uniq_grinder, uniq_eustachio
Temple:   hellmonk_temple_divided_pantheon

Skill      XL: |  1  2  3  4  5  6  7 |
---------------+----------------------+-----
Spellcasting   | | 11.6
Hexes          | 2 3 |  3.0
Fighting       | 1 2 |  2.5
Short Blades   | 1 2 |  2.5
Long Blades    | 1 2 |  2.5
Axes           | 1 2 |  2.5
Maces & Flails | 1 2 |  2.5
Polearms       | 1 2 |  2.5
Staves         | 1 2 |  2.5
Ranged Weapons | 1 2 |  2.5
Throwing       | 1 2 |  2.5
Armour         | 1 2 |  2.5
Dodging        | 1 2 |  2.5
Stealth        | 1 2 |  2.5
Shields        | 1 2 |  2.5
Unarmed Combat | 1 2 |  2.5
Conjurations   | 1 2 |  2.0
Summonings     | 1 2 |  2.0
Necromancy     | 1 2 |  2.0
Translocations | 1 2 |  2.0
Transmutations | 1 2 |  2.0
Fire Magic     | 1 2 |  2.0
Ice Magic      | 1 2 |  2.0
Air Magic      | 1 2 |  2.0
Earth Magic    | 1 2 |  2.0
Poison Magic   | 1 2 |  2.0
Invocations    | 3 |  3.9
Evocations     | 5 |  5.2

Action                   |  1- 3 |  4- 6 |  7- 9 || total
-------------------------+-------+-------+-------++-------
Melee: Short sword       |    35 |   145 |     4 ||   184
       Bite              |     3 |    15 |     2 ||    20
       Punch             |     1 |     2 |     1 ||     4
       Mace              |       |     2 |       ||     2
       Whip              |       |       |    14 ||    14
 Cast: Shock             |    68 |    45 |    23 ||   136
       Sandblast         |    14 |    50 |     8 ||    72
Evoke: Wand              |       |     4 |       ||     4
       Piece from Xom's  |       |       |     6 ||     6
  Use: Scroll            |     3 |     5 |       ||     8
       Potion            |       |     1 |    11 ||    12
Armor: Robe              |    10 |       |       ||    10
       Leather armour    |     8 |    52 |       ||    60
       Ring mail         |       |     9 |    22 ||    31
Dodge: Dodged            |    23 |    97 |    29 ||   149
